 Dungeon Crawl Stone Soup version 0.30-a0-568-g124715a40b (webtiles) character file.

Game seed: 14726003676294981964

319 bande the Chopper (level 6, 0/39 HPs)
             Began as a Gargoyle Fighter on Dec 29, 2022.
             Slain by a howler monkey (2 damage)
             ... on level 5 of the Dungeon.
             The game lasted 00:05:17 (3346 turns).

bande the Chopper (Gargoyle Fighter)                Turns: 3346, Time: 00:05:18

Health: 0/39       AC: 20    Str: 19    XL:     6   Next: 46%
Magic:  6/6        EV:  5    Int:  9    God:
Gold:   319        SH:  4    Dex: 11    Spells: 5/5 levels left

rFire   . . .      SeeInvis .    a - +0 war axe
rCold   . . .      Faith    .    c - +0 buckler
rNeg    + . .      Spirit   .    l - +0 plate armour
rPois   ∞          Reflect  .    i - +0 hat
rElec   +          Harm     .    n - scarf {repulsion}
rCorr   .          Rampage  .    (no gloves)
Will    .....                    (no boots) Stlth
                                 (no amulet)
HPRegen 0.26/turn                e - +4 ring of protection
MPRegen 0.10/turn                (no ring)

@: repel missiles
A: sickness immunity, AC +4, negative energy resistance 1, electricity
resistance, torment resistance 1, petrification resistance
a: no special abilities


You were on level 5 of the Dungeon.
You visited 1 branch of the dungeon, and saw 5 of its levels.

You collected 319 gold pieces.

Inventory:

Hand Weapons
 a - a +0 war axe (weapon)
Armour
 c - a +0 buckler (worn)
 h - a +0 cloak
 i - a +0 hat (worn)
 l - a +0 plate armour (worn)
 n - a scarf of repulsion (worn)
Jewellery
 e - a +4 ring of protection (left hand)
Wands
 j - a wand of digging (4)
Scrolls
 k - 4 scrolls of teleportation
 m - a scroll of fog
Potions
 b - 2 potions of ambrosia {unknown}
 d - 2 potions of might
 f - 6 potions of curing {unknown}
 g - a potion of haste {unknown}
 o - a potion of degeneration {unknown}
 p - a potion of mutation {unknown}


   Skills:
 + Level 4.3 Fighting
 + Level 4.5 Axes
 + Level 4.2 Armour
 + Level 4.1 Shields


You had 5 spell levels left.
You didn't know any spells.
Your spell library contained the following spells:

 Spells                   Type           Power      Damage    Failure   Level
 Magic Dart               Conj           0%         1d3       100%        1
 Slow                     Hex            0%         N/A       100%        1
 Blink                    Tloc           0%         N/A       100%        2
 Call Imp                 Summ           0%         N/A       100%        2
 Ensorcelled Hibernation  Hex/Ice        0%         N/A       100%        2
 Momentum Strike          Conj/Tloc      0%         3d8       100%        2
 Passwall                 Tmut/Erth      0%         N/A       100%        2
 Confusing Touch          Hex            0%         N/A       100%        3
 Inner Flame              Hex/Fire       0%         N/A       100%        3
 Lesser Beckoning         Tloc           0%         N/A       100%        3
 Mephitic Cloud           Conj/Pois/Air  0%         N/A       100%        3
 Swiftness                Air            0%         N/A       100%        3
 Vampiric Draining        Necr           0%         2d6       100%        3
 Flame Wave               Conj/Fire      0%         2d4       100%        4
 Sticky Flame             Conj/Fire      0%         2d3       100%        4


Dungeon Overview and Level Annotations

Branches:
Dungeon (5/15)
 Temple: D:4-7

Altars:
Dithmenos
Hepliaklqana
Kikubaaqudgha
Qazlal
Sif Muna

Annotations:
D:5 1 transporter, jfcaron's ghost, amateur DsMo


Innate Abilities, Weirdness & Mutations

You are immune to sickness and miasma.
Your stone body is resilient. (AC +4)
You are immune to poison.
You resist negative energy. (rN+)
You are resistant to electric shocks. (rElec)
You are resistant to unholy torment.
You are immune to petrification.


Message History

The ogre hits you but does no damage.
You hit the ogre but do no damage.
The ogre is heavily wounded.
You completely miss the howler monkey.
The howler monkey hits you but does no damage.
The ogre hits you but does no damage.
You hit the ogre but do no damage.
The ogre is heavily wounded.
You closely miss the howler monkey.
The howler monkey hits you but does no damage.
An orc comes into view. It is wielding a +0 short sword.
The howler monkey hits you.
The ogre hits you with a +0 giant club!!
Ouch! That really hurt!
* * * LOW HITPOINT WARNING * * *
You are too injured to fight recklessly!
You are too injured to fight recklessly!
You are too injured to fight recklessly!
You are too injured to fight recklessly!
You are too injured to fight recklessly!
You are too injured to fight recklessly!
You are too injured to fight recklessly!
Unknown command.
You closely miss the howler monkey. You barely miss the ogre.
The howler monkey hits you but does no damage.
Unknown command.
You slash the howler monkey!
The howler monkey is heavily wounded.
You hit the ogre but do no damage.
The howler monkey hits you but does no damage.
The ogre closely misses you. You block the howler monkey's attack.
You hit the howler monkey but do no damage.
The howler monkey is heavily wounded.
You hit the ogre.
The howler monkey hoots and howls with incredible vigour!
The ogre hits you with a +0 giant club.
* * * LOW HITPOINT WARNING * * *
An orc comes into view. It is wielding a +0 dagger.
The howler monkey hits you.
You die...

#.. ##.. ## §## #.. #...
#§#§#§#.####.# .....
.§§§_.§§...# .....
#.#§#.#..# # ......
##§§§#..## # ......#
#.#§##...## ##
......O####.#.##....###.
#....h@.##.#....##..##.
#..........##..####....
#.o#######....## ##...
#.. ##..## ###... o #.##
#.#.#. .# ##.######...##
..# ##....##....###
...##...........###
.................#


You could see an ogre, a howler monkey (catching breath) and 2 orcs.

Vanquished Creatures
  A phantom (D:4)
  An iguana (D:4)
  Ijyb (D:3)
  7 adders
  An ufetubus (D:5)
  7 worms
  A dart slug (D:1)
  3 orcs
  2 bats
  7 endoplasms
  3 giant cockroaches
  16 goblins
  7 hobgoblins
  9 jackals
  5 quokkas
  14 ball pythons
  3 frilled lizards
  6 kobolds
  7 rats
101 creatures vanquished.

Vanquished Creatures (others)
  An adder (D:3)
1 creature vanquished.

Grand Total: 102 creatures vanquished

Notes
Turn   | Place    | Note
-------+----------+-------------------------------------------
     0 | D:1      | bande the Gargoyle Fighter began the quest for the Orb.
     0 | D:1      | Reached XP level 1. HP: 14/14 MP: 1/1
    97 | D:1      | Reached XP level 2. HP: 19/19 MP: 2/2
   355 | D:1      | Reached XP level 3. HP: 23/23 MP: 3/3
   597 | D:2      | Found a hazy altar of Hepliaklqana.
   880 | D:2      | Reached XP level 4. HP: 28/29 MP: 4/4
  1404 | D:3      | Found a shimmering blue altar of Sif Muna.
  1644 | D:3      | Reached XP level 5. HP: 33/33 MP: 5/5
  1726 | D:3      | Found an ancient bone altar of Kikubaaqudgha.
  2116 | D:3      | Noticed Ijyb
  2141 | D:3      | Killed Ijyb
  2327 | D:4      | Noticed a fire elemental
  2329 | D:4      | Found a stormy altar of Qazlal.
  2332 | D:4      | Noticed a water elemental
  2332 | D:4      | Noticed an air elemental
  2373 | D:4      | Noticed a phantom
  2392 | D:4      | Killed a phantom
  2393 | D:4      | Reached XP level 6. HP: 33/38 MP: 6/6
  3232 | D:5      | Entered Level 5 of the Dungeon
  3251 | D:5      | Noticed jfcaron's ghost (amateur DsMo)
  3251 | D:5      | Identified the +10 dire flail of Action {speed, *Corrode
                  | rPois Dex+3 SInv}
  3252 | D:5      | Found a transporter.
  3318 | D:5      | Found a shadowy altar of Dithmenos.
  3346 | D:5      | Slain by a howler monkey

Illustrated notes

Levels and vault maps discovered:
D:1:      heliophobic_arrival_glass_houses, layout_rooms
D:2:      minmay_evil_eye, layout_rooms, basic_altar, grunt_decor_fettered
D:3:      kennysheep_goblin_castle, layout_loops_ring,
          nicolae_kikubaaqudgha_miasma_corner, kennysheep_orc_sif_temple,
          minmay_between
D:4:      layout_basic, nicolae_qazlal_style_of_elements
D:5:      layout_layer_cave, yredelemnul_altar_generic,
          grunt_dithmenos_smoke_and_mirrors, portal_sewer_entry_a,
          gammafunk_ghost_smash, uniq_ijyb

Skill      XL: |  1  2  3  4  5 |
---------------+----------------+-----
Axes           | 2 3 4 |  4.5
Fighting       | 4 |  4.3
Armour         | 4 |  4.2
Shields        | 4 |  4.1

Action                   |  1- 3 |  4- 6 || total
-------------------------+-------+-------++-------
Melee: War axe           |   122 |   242 ||   364
  Use: Scroll            |       |     4 ||     4
Armor: Scale mail        |    71 |       ||    71
       Plate armour      |     6 |   218 ||   224
Dodge: Dodged            |    61 |    75 ||   136
Block: Buckler           |    32 |    54 ||    86

Table legend: (Time is in decaauts)
 A = Elapsed time spent in this place.
 B = Non-inter-level travel time spent in this place.
 C = Inter-level travel time spent in this place.
 D = Time resting spent in this place.
 E = Time spent auto-exploring this place.
 F = Levels seen in this place.
 G = Mean time per level.
                   A        B        C        D        E       F      G
               +--------+--------+--------+--------+--------+-----+--------+
         Total |   3491 |   3344 |    147 |      0 |   2432 |   5 |  698.2 |
       Dungeon |   3491 |   3344 |    147 |      0 |   2432 |   5 |  698.2 |
               +--------+--------+--------+--------+--------+-----+--------+

Top non-repeatable levels by time:
     D:3: 1023 daAuts
     D:4: 959 daAuts
     D:2: 779 daAuts
     D:1: 612 daAuts
     D:5: 116 daAuts
